AoeStats
← ĐẠI ĐÔ ĐỐC MẠNH ĐẠT

Arabia

516915304Analyzed
1v1 RM · 6d ago on Oct 28, 2026· 30m 19s· 2 players
Game mode
Random Map
Map size
Tiny (2 player)
Population
200
Speed
Normal
Resources
Standard
Victory
Conquest
Starting age
Dark Age
Ending age
Imperial Age
RankedLock teamsTeams togetherTeam positionsShared explorationLock speedFull tech treeHidden civsTurbo modeCheats
Victory
Defeat
1750
+14
vs
🇬🇧 Dravidians · United Kingdom
1697
-14
hclay93
5:07 Loom
10:37 Feudal Age
11:25 Double-Bit Axe
18:35 Castle Age
22:53 Wheelbarrow
22:41 Stone Mining
25:14 Bow Saw
ĐẠI ĐÔ ĐỐC MẠNH ĐẠT
6:16 Loom
8:59 Feudal Age
9:52 Double-Bit Axe
11:24 Fletching
15:33 Horse Collar
16:51 Padded Archer Armor
18:56 Wheelbarrow
21:41 Castle Age
21:02 Gold Mining
22:19 Bodkin Arrow
Connection lost

Rejoining the realm…

Still unreachable

The connection could not be restored.

Session expired

The server has moved on; the page needs a fresh start.